 Dungeon Crawl Stone Soup version 0.28-a0-726-g4a9143789a (webtiles) character file.

Game seed: 9101889900852631928

13037 ytrimaz the Cleaver (level 12, -5/95 HPs)
             Began as a Formicid Fighter on Oct 27, 2021.
             Was a High Priest of Okawaru.
             Slain by a slime creature (12 damage)
             ... on level 12 of the Dungeon.
             The game lasted 00:14:38 (15621 turns).

ytrimaz the Cleaver (Formicid Fighter)             Turns: 15621, Time: 00:14:38

Health: -5/95      AC: 13    Str: 30    XL:     12   Next: 27%
Magic:  12/17      EV: 13    Int: 13    God:    Okawaru [*****.]
Gold:   790        SH: 12    Dex: 10    Spells: 11/11 levels left

rFire   + . .      SeeInvis +   t - +10 long sword of Qibir {elec, rF+ Will+ Int+3}
rCold   . . .      Faith    .   c - +0 buckler
rNeg    . . .      Spirit   .   e - +0 acid dragon scales
rPois   +          Reflect  +   (helmet unavailable)
rElec   .          Harm     .   j - +2 cloak {rPois}
rCorr   +          Rampage  .   (no gloves)
Will    ++...                   (no boots)
Stlth   ++........              p - amulet of reflection
HPRegen 0.25/turn               i - +6 ring of strength
MPRegen 0.15/turn               (no ring)

@: heroic, finesse-ful
A: permanent stasis, dig shafts and tunnels, antennae 3, four strong arms
a: Dig, Shaft Self, Renounce Religion, Heroism, Finesse, Duel


You were on level 12 of the Dungeon.
You worshipped Okawaru.
Okawaru was extremely pleased with you.
You visited 2 branches of the dungeon, and saw 13 of its levels.

You collected 790 gold pieces.

Inventory:

Hand Weapons
 a - a +1 war axe
 g - a +1 battleaxe
 h - a +3 battleaxe
 t - the +10 long sword of Qibir (weapon) {elec, rF+ Will+ Int+3}
   (You found it on level 9 of the Dungeon)

   It occasionally discharges a powerful burst of electricity upon striking a
   foe.
   Int:       It affects your intelligence (+3).
   rF:        It protects you from fire.
   Will:      It increases your willpower.
Armour
 c - a +0 buckler (worn)
 e - +0 acid dragon scales (worn)
 j - a +2 cloak of poison resistance (worn)
Jewellery
 i - a +6 ring of strength (left hand)
 p - an amulet of reflection (around neck)
 r - a ring of magical power
 u - a ring of ice
Wands
 b - a wand of paralysis (8)
 d - a wand of digging (7)
 k - a wand of polymorph (14)
 m - a wand of flame (38)
 w - a wand of acid (3)
Scrolls
 n - a scroll of holy word
 o - a scroll of immolation
 s - a scroll of identify
Potions
 f - 3 potions of invisibility
 l - a potion of curing
 q - 2 potions of mutation
 v - a potion of heal wounds


   Skills:
 + Level 9.1(14.1) Fighting
 * Level 5.9(10.9) Long Blades
 - Level 11.8(16.8) Axes
 + Level 8.2(13.2) Armour
 - Level 0.9(5.9) Dodging
 - Level 0.6(5.6) Stealth
 - Level 9.0(14.0) Shields
 * Level 7.1 Invocations


You had 11 spell levels left.
You didn't know any spells.
Your spell library contained the following spells:

 Spells                   Type           Power      Damage    Failure   Level
 Foxfire                  Conj/Fire      0%         2x1d4     34%         1
 Ensorcelled Hibernation  Hex/Ice        0%         N/A       45%         2
 Slow                     Hex            0%         N/A       45%         2
 Sublimation of Blood     Necr           0%         N/A       45%         2
 Wereblood                Tmut           0%         N/A       45%         2
 Confusing Touch          Hex            0%         N/A       71%         3
 Conjure Flame            Conj/Fire      0%         6-21      71%         3
 Dazzling Flash           Conj/Hex       0%         N/A       71%         3
 Inner Flame              Hex/Fire       0%         N/A       71%         3
 Spider Form              Tmut/Pois      0%         N/A       71%         3
 Vampiric Draining        Necr           0%         2d6       71%         3
 Flame Wave               Conj/Fire      0%         3d3       98%         4
 Petrify                  Tmut/Erth      0%         N/A       98%         4
 Agony                    Necr           0%         N/A       100%        5
 Irradiate                Conj/Tmut      0%         3d13      100%        5
 Silence                  Hex/Air        0%         N/A       100%        5
 Summon Hydra             Summ           Unusable   N/A       N/A         7

Dungeon Overview and Level Annotations

Branches:
Dungeon (12/15)            Temple (1/1) D:6            Lair (0/6) D:10
    Orc (0/2) D:11

Altars:
Ashenzari
Cheibriados
Dithmenos
Elyvilon
Fedhas
Gozag
Hepliaklqana
Kikubaaqudgha
Makhleb
Nemelex Xobeh
Okawaru
Qazlal
Ru
Sif Muna
Trog
Uskayaw
Vehumet
Wu Jian
Xom
Yredelemnul
Zin
The Shining One


Innate Abilities, Weirdness & Mutations

You cannot be hasted, slowed, berserked, paralysed or teleported.
You can dig through walls and to a lower floor.
You have a pair of large antennae on your head. (SInv)
Your four strong arms can wield two-handed weapons with a shield.


Message History

The slime creature hits you but does no damage.
A large slime creature splits.
The troll shouts!
You slice the slime creature!!
The slime creature is heavily wounded.
You hear a shout!
You hear an angry hiss.
The slime creature hits you but does no damage.
You completely miss the slime creature.
The slime creature is heavily wounded.
You block the slime creature's attack.
A slime creature comes into view.
The slime creature hits you!
You slash the slime creature!
Lightning courses through the slime creature!
The slime creature is almost dead.
The slime creature misses you.
Unknown command.
You hit the slime creature.
The slime creature is lightly wounded.
The slime creature barely misses you. The slime creature hits you.
* * * LOW HITPOINT WARNING * * *
The slime creature hits you but does no damage.
Unknown command.
You slash the slime creature!
You kill the slime creature!
Okawaru accepts your kill. The slime creature barely misses you.
Unknown command.
You slice the slime creature!!
The slime creature is moderately wounded.
You block the slime creature's attack. The slime creature hits you!
* * * LOW HITPOINT WARNING * * *
Unknown command.
The slime creature closely misses you. The slime creature hits you!
* * * LOW HITPOINT WARNING * * *
The slime creature hits you.
* * * LOW HITPOINT WARNING * * *
The slime creature hits you!
You die...

..............
.............
............#
............##
.............#
........J....#
......T......#
..#......J...##
..........JJ@...#
.............<..... .
........$..........
.. ..................
#...#...............#
#...#...............#
#..................#
#...#............###
#...#.........###


You could see 4 slime creatures and a troll.

Vanquished Creatures
  A boulder beetle (D:11)
  Fannar (D:11)
  2 two-headed ogres
  An ugly thing (D:6)
  An unseen horror (D:11)
  A kobold demonologist (D:10)
  2 trolls
  3 slime creatures (D:12)
  Sigmund (D:5)
  2 shadows (D:11)
  6 yaks (D:10)
  A vampire (D:11)
  A wraith (D:9)
  2 wyverns (D:10)
  3 basilisks (D:10)
  2 steam dragons
  2 acid dragons
  3 water moccasins (D:10)
  4 orc warriors
  A sky beast (D:6)
  A hornet zombie (D:6)
  3 ice beasts
  A black bear (D:6)
  3 ogres
  3 centaurs
  A phantom (D:6)
  4 kobold brigands
  4 bullfrogs
  4 scorpions
  A water moccasin zombie (D:6)
  22 killer bees
  9 wights
  4 howler monkeys
  5 centaur zombies
  A bullfrog zombie (D:7)
  4 orc priests
  A bullfrog skeleton (D:5)
  8 hounds
  2 jellies
  A centaur skeleton (D:6)
  4 iguanas
  Terence (D:2)
  4 orc wizards
  A killer bee zombie (D:8)
  2 human simulacra (D:9)
  A hound skeleton (D:4)
  A howler monkey zombie (D:9)
  4 gnolls (D:5)
  3 adders
  2 ufetubi
  A worm (D:6)
  A dart slug (D:2)
  15 orcs
  6 ball pythons
  10 endoplasms
  6 giant cockroaches
  8 goblins
  7 hobgoblins
  10 jackals
  7 quokkas
  3 bats
  3 frilled lizards
  31 kobolds
  3 rats
256 creatures vanquished.

Vanquished Creatures (others)
  2 fungi (D:10)
  8 plants (D:10)
10 creatures vanquished.

Grand Total: 266 creatures vanquished

Notes
Turn   | Place    | Note
-------+----------+-------------------------------------------
     0 | D:1      | ytrimaz the Formicid Fighter began the quest for the Orb.
     0 | D:1      | Reached XP level 1. HP: 18/18 MP: 1/1
   206 | D:1      | Reached XP level 2. HP: 24/24 MP: 2/2
   534 | D:1      | Reached XP level 3. HP: 28/30 MP: 3/3
  1434 | D:2      | You fall into a shaft and drop 2 floors!
  1442 | D:4      | Reached XP level 4. HP: 31/37 MP: 4/4
  1802 | D:3      | Found a broken altar of Ashenzari.
  2129 | D:3      | Reached skill level 3 in Axes
  2283 | D:2      | Reached XP level 5. HP: 42/42 MP: 5/5
  2292 | D:2      | Noticed Terence
  2303 | D:2      | Killed Terence
  2925 | D:3      | Found an ancient bone altar of Kikubaaqudgha.
  3061 | D:3      | Found a shimmering altar of Xom.
  3110 | D:3      | Found a stormy altar of Qazlal.
  3110 | D:3      | Found a hide-covered altar of Uskayaw.
  3362 | D:4      | Noticed an ogre
  3368 | D:4      | Killed an ogre
  3369 | D:4      | Reached skill level 4 in Axes
  3369 | D:4      | Reached XP level 6. HP: 14/48 MP: 6/6
  4533 | D:5      | Entered Level 5 of the Dungeon
  4611 | D:5      | Noticed an ice beast
  4613 | D:5      | Noticed Sigmund
  4619 | D:5      | Reached XP level 7. HP: 26/55 MP: 7/7
  4622 | D:5      | Reached skill level 5 in Armour
  4622 | D:5      | Reached skill level 5 in Shields
  4628 | D:5      | HP: 1/55 [Sigmund (7)]
  4632 | D:5      | Killed Sigmund
  4633 | D:5      | Reached skill level 5 in Axes
  4956 | D:5      | Reached XP level 8. HP: 40/61 MP: 8/8
  5367 | D:5      | Reached skill level 5 in Fighting
  5953 | D:5      | Reached skill level 6 in Axes
  6399 | D:6      | Found a staircase to the Ecumenical Temple.
  6414 | Temple   | Entered the Ecumenical Temple
  6786 | Temple   | Became a worshipper of Warmaster Okawaru
  6836 | D:6      | Noticed a two-headed ogre
  6852 | D:6      | Killed a two-headed ogre
  6853 | D:6      | Reached skill level 7 in Axes
  6853 | D:6      | Reached XP level 9. HP: 33/69 MP: 9/9
  7231 | D:6      | Noticed a red ugly thing
  7244 | D:6      | Killed a cyan ugly thing
  7244 | D:6      | Reached * piety under Okawaru
  7288 | D:6      | Reached skill level 8 in Axes
  7538 | D:6      | Reached ** piety under Okawaru
  7644 | D:6      | Noticed a troll
  7658 | D:6      | Killed a troll
  7659 | D:6      | Reached XP level 10. HP: 23/77 MP: 7/10
  7784 | D:6      | Found a snail-covered altar of Cheibriados.
  7957 | D:6      | Reached skill level 9 in Axes
  8113 | D:6      | Reached skill level 1 in Invocations
  8921 | D:7      | Found an opulent altar of Gozag.
  9056 | D:7      | Found a hazy altar of Hepliaklqana.
 10169 | D:8      | Noticed a two-headed ogre
 10256 | D:8      | Found a radiant altar of Vehumet.
 10263 | D:8      | Killed a two-headed ogre
 10263 | D:8      | Reached *** piety under Okawaru
 10264 | D:8      | Reached skill level 10 in Axes
 10926 | D:8      | Found a shadowy altar of Dithmenos.
 11059 | D:9      | Reached XP level 11. HP: 45/84 MP: 12/14
 12141 | D:9      | Identified the +10 long sword of Qibir {elec, rF+ Will+
                  | Int+3}
 12415 | D:10     | Entered Level 10 of the Dungeon
 12602 | D:10     | Reached skill level 11 in Axes
 12602 | D:10     | Reached skill level 5 in Invocations
 12817 | D:10     | Reached **** piety under Okawaru
 12822 | D:10     | Found a staircase to the Lair.
 14310 | D:11     | Reached skill level 1 in Long Blades
 14311 | D:11     | Found a staircase to the Orcish Mines.
 14319 | D:11     | Noticed Fannar
 14335 | D:11     | Killed Fannar
 14860 | D:11     | Reached XP level 12. HP: 93/94 MP: 17/17
 14915 | D:11     | Reached ***** piety under Okawaru
 14915 | D:11     | Noticed a boulder beetle
 14954 | D:11     | Killed a boulder beetle
 14955 | D:11     | Reached skill level 5 in Long Blades
 15621 | D:12     | Slain by a slime creature

Illustrated notes

Levels and vault maps discovered:
D:1:      scummos_arrival_simple_fountains, layout_rooms,
          hangedman_decor_peaks_small, bh_walls_and_bars
D:2:      layout_rooms, dk_vineyard_3, minmay_split_cup_large, uniq_terence
D:3:      layout_loops_ring, lemuel_tele_altar, ashenzari_conservatory_becter,
          lemuel_doored_altar, gammafunk_temple_overflow_wave
D:4:      layout_layer_cave, minmay_misc_feat_plants
D:5:      cheibrodos_thug_alley, layout_basic, serial_co_window_serial,
          co_window_paths_a, co_window_of_opportunity_a, co_window_corner_a,
          co_window_of_opportunity_a, co_window_corner_a, co_window_corner_a,
          co_window_corner_a, co_window_2corner, co_window_of_opportunity_b,
          co_window_broadway_b, co_window_unsneaky_path_d, co_window_paths_e,
          glass_columns_c, glass_columns_a, glass_columns_b, glass_columns_b,
          uniq_sigmund
D:6:      cheibrodos_barr_body, layout_cave_pools, slow_altar_1,
          minmay_temple_entry_proselytizer
D:7:      layout_cave_pools, nicolae_gozag_seed_capital, marbit_many_paths,
          minmay_door_square
D:8:      layout_rooms, mainiacjoe_overflow_cross_hatched,
          nicolae_vehumet_radiance
D:9:      layout_loops_ring, bh_circular_ruins
D:10:     layout_layer_cave, minmay_lair_entry_grove
D:11:     layout_long_grid, erik_orc_3, uniq_fannar
D:12:     layout_cross, gauntlet_entry_generic
Temple:   minmay_temple_forest_path

Skill      XL: |  1  2  3  4  5  6  7  8  9 10 11 12 |
---------------+-------------------------------------+-----
Shields        | 4 5 6 7 9 |  9.0
Axes           | 3 4 5 7 8 10 11 | 11.8
Fighting       | 4 5 6 7 8 9 |  9.1
Armour         | 4 5 6 7 8 |  8.2
Invocations    | 4 6 7 |  7.1
Long Blades    | 3 5 |  5.9
Dodging        | |  0.9
Stealth        | |  0.6

Action                   |  1- 3 |  4- 6 |  7- 9 | 10-12 || total
-------------------------+-------+-------+-------+-------++-------
Melee: War axe           |   101 |   143 |   122 |       ||   366
       Battleaxe         |       |       |    84 |   331 ||   415
       Long sword        |       |       |       |   116 ||   116
Invok: Heroism           |       |       |     1 |    12 ||    13
       Finesse           |       |       |       |     3 ||     3
 Abil: Dig               |       |     2 |       |       ||     2
  Use: Scroll            |     2 |     3 |     4 |     8 ||    17
       Potion            |       |     1 |     9 |     4 ||    14
 Stab: Invisible         |       |       |     1 |       ||     1
       Distracted        |       |       |       |     1 ||     1
       Sleeping          |       |       |       |     1 ||     1
Armor: Scale mail        |    48 |    69 |    54 |       ||   171
       Skin              |       |       |     7 |       ||     7
       Acid dragon scale |       |       |    30 |   253 ||   283
Dodge: Dodged            |    43 |    69 |   126 |   320 ||   558
Block: Buckler           |    26 |    31 |    54 |   251 ||   362
       Reflection        |       |       |       |     1 ||     1

Table legend: (Time is in decaauts)
 A = Elapsed time spent in this place.
 B = Non-inter-level travel time spent in this place.
 C = Inter-level travel time spent in this place.
 D = Time resting spent in this place.
 E = Time spent auto-exploring this place.
 F = Levels seen in this place.
 G = Mean time per level.
                   A        B        C        D        E       F      G
               +--------+--------+--------+--------+--------+-----+--------+
         Total |  15799 |  15177 |    622 |   1895 |  11038 |  13 | 1215.3 |
       Dungeon |  15392 |  14841 |    551 |   1895 |  10717 |  12 | 1282.7 |
        Temple |    406 |    335 |     71 |      0 |    321 |   1 |  406.0 |
               +--------+--------+--------+--------+--------+-----+--------+

Top non-repeatable levels by time:
     D:5: 1810 daAuts
    D:10: 1745 daAuts
     D:4: 1669 daAuts
     D:6: 1548 daAuts
     D:9: 1545 daAuts
     D:8: 1482 daAuts
     D:7: 1300 daAuts
    D:11: 1295 daAuts
     D:2: 1252 daAuts
     D:3: 849 daAuts
     D:1: 846 daAuts
  Temple: 406 daAuts
    D:12: 46 daAuts
